cohdb
Replays
Latest Replays
All Replays
Popular Replays
Top Player Replays
Match Explorer
How It Works
Community
CoH3 Stats
Reddit
Sign in to upload your games and track your stats! →
Sign in with Steam
Match 45186731
Unlisted
Match 45186731
Overview
Messages
Build Orders
End
Kradschützen Motorcycle Team
Panzergrenadier Squad
Panzergrenadier Squad
Construct Light Support Kompanie
MG34 Team
Construct Mechanized Kompanie
Assault Mechanized Group
8 Rad Armored Car
Selects Armored Support Battlegroup
Selects Superior Fire Drills
8 Rad Armored Car
Vehicle Survival Package
water
OverlordCZ
0
0
Comments
sign in to comment!
No comments posted yet!